AoeStats
← NotGG

Arena

510814138Analyzed
3v3 RM · 5h ago on Oct 2, 2026· 41m 47s· 6 players
Game mode
Random Map
Map size
Normal (6 player)
Population
200
Speed
Normal
Resources
Standard
Victory
Conquest
Starting age
Dark Age
Ending age
Imperial Age
RankedLock teamsTeams togetherTeam positionsShared explorationLock speedFull tech treeHidden civsTurbo modeCheats
Victory
Defeat
🇦🇷 Franks · Argentina
1187
+17
🇲🇽 Magyars · Mexico
1178
+18
🇧🇪 Armenians · Belgium
1165
+18
🇵🇱 Varangians · Poland
1227
-18
🇵🇱 Khmer · Poland
1213
-18
🇵🇱 Malians · Poland
1195
-17
Setrakian
10:32 Feudal Age
14:07 Castle Age
12:26 Double-Bit Axe
12:55 Loom
15:22 Bloodlines
16:48 Horse Collar
20:46 Wheelbarrow
22:21 Bow Saw
25:35 Heavy Plow
29:09 Imperial Age
27:01 Light Cavalry
27:41 Husbandry
27:48 Scale Barding Armor
29:23 Chain Barding Armor
29:15 Gold Mining
30:25 Conscription
31:47 Plate Barding Armor
31:47 Hussar
33:44 Cavalier
Heretic Prophet
11:49 Feudal Age
16:18 Castle Age
14:27 Double-Bit Axe
14:40 Gold Mining
15:39 Horse Collar
16:44 Scale Mail Armor
17:50 Bow Saw
17:42 Squires
19:48 Loom
20:48 Sanctity
21:48 Chain Mail Armor
23:23 Fervor
24:54 Wheelbarrow
23:58 Pikeman
30:38 Imperial Age
28:08 Stone Mining
28:37 Fletching
30:47 Capped Ram
31:26 Bodkin Arrow
36:07 Halberdier
39:25 Plate Mail Armor
39:06 Forging
41:42 Iron Casting
NotGG
6:00 Loom
8:43 Feudal Age
14:49 Castle Age
13:20 Double-Bit Axe
15:47 Wheelbarrow
16:41 Fervor
22:35 Bow Saw
26:16 Stone Mining
26:16 Gold Mining
26:37 Gold Mining
29:59 Imperial Age
28:04 Devotion
28:25 Sanctity
27:52 Treadmill Crane
28:51 Hand Cart
28:21 Town Watch
29:00 Masonry
29:25 Town Patrol
30:33 Husbandry
29:54 Light Cavalry
30:41 Chivalry
31:46 Chemistry
30:44 Cavalier
31:37 Forging
32:23 Scale Barding Armor
32:08 Fletching
32:54 Iron Casting
32:57 Bodkin Arrow
33:26 Chain Barding Armor
34:26 Ballistics
36:28 Siege Engineers
36:53 Architecture
36:19 Paladin
38:43 Plate Barding Armor
38:47 Elite Throwing Axeman
40:36 Hoardings
41:56 Blast Furnace
40:58 Murder Holes
ALG1S
11:26 Feudal Age
12:29 Double-Bit Axe
12:25 Horse Collar
15:17 Castle Age
16:36 Bow Saw
16:27 Heavy Plow
20:57 Wheelbarrow
20:08 Town Watch
20:11 Loom
23:32 Gold Mining
23:53 Stone Mining
30:18 Imperial Age
28:40 Fletching
31:10 Siege Engineers
31:53 Forging
33:34 Scale Barding Armor
32:50 Light Cavalry
33:41 Bloodlines
33:31 Husbandry
34:20 Gothikon
34:28 Vendel Legacy
35:29 Conscription
35:37 Pikeman
36:18 Squires
36:01 Cavalier
kswistek
5:03 Loom
12:04 Feudal Age
16:10 Castle Age
14:36 Double-Bit Axe
26:02 Scale Barding Armor
26:08 Forging
27:50 Wheelbarrow
29:53 Imperial Age
27:44 Husbandry
28:38 Ballistics
28:29 Fortified Wall
28:37 Tigui
29:10 Hand Cart
28:42 Loom
28:41 Horse Collar
28:59 Gold Mining
29:23 Bow Saw
31:00 Farimba
31:14 Bloodlines
30:24 Light Cavalry
31:32 Heavy Plow
31:57 Chain Barding Armor
31:45 Heavy Camel Rider
34:38 Plate Barding Armor
37:18 Man-at-Arms
37:19 Pikeman
lukg
10:40 Feudal Age
13:29 Castle Age
11:40 Double-Bit Axe
14:33 Bow Saw
14:22 Horse Collar
21:00 Heavy Plow
21:33 Stone Mining
21:48 Gold Mining
23:54 Wheelbarrow
23:06 Loom
26:55 Hand Cart
26:40 Fletching
26:51 Fletching
27:02 Padded Archer Armor
27:27 Ballistics
27:18 Fortified Wall
30:24 Imperial Age
28:03 Bodkin Arrow
28:57 Town Watch
31:00 Town Patrol
31:14 Siege Engineers
32:10 Chemistry
31:14 Double Crossbow
31:44 Conscription
32:43 Crop Rotation
32:56 Gold Shaft Mining
31:48 Pikeman
32:16 Arson
32:12 Elite Ballista Elephant
33:42 Bracer
33:47 Scale Mail Armor
33:58 Forging
37:05 Chain Mail Armor
37:26 Iron Casting
37:38 Husbandry
37:48 Bloodlines
37:27 Light Cavalry
Connection lost

Rejoining the realm…

Still unreachable

The connection could not be restored.

Session expired

The server has moved on; the page needs a fresh start.